Map: Orbital Shipyard

Players

IIIIIIIIIIII

  • Race: Terran Terran
  • League: Grandmaster

lllllllll (Probe) - Winner!

  • Race: Protoss Protoss
  • League: Master

VOD

Have the link to the VOD?

Description

Time

  • Played on: Feb. 20, 2016, 11:22 p.m.
  • Length: 9:28
Show
View Real Time Build Order
Export as new Build Order

IIIIIIIIIIII Terran 

Build Orders: MMM Bio 

Get SALT Encoding   

  12  0:01  SCV  
  13  0:13  SCV  
  14  0:17  Supply Depot  
  14  0:25  SCV  
  15  0:39  SCV  
  15  0:40  Barracks  
  16  0:45  Refinery  
  16  0:51  SCV  
  17  1:03  SCV  
  18  1:15  SCV  
  19  1:28  Orbital Command  
  20  1:35  Barracks Reactor  
  19  1:44  Command Center  
  19  1:56  Supply Depot, SCV  
  20  2:08  SCV  
  20  2:10  Factory  
  20  2:12  Marine x2  
  23  2:34  Marine x2  
  23  2:35  SCV  
  26  2:47  SCV  
  27  2:52  Marine x2  
  28  2:59  Orbital Command  
  28  3:02  SCV  
  28  3:04  Widow Mine  
  31  3:07  Starport  
  31  3:11  Refinery  
  31  3:13  Marine x2  
  31  3:14  SCV  
  34  3:26  SCV  
  34  3:27  SCV  
  36  3:31  Supply Depot, Marine x2  
  38  3:36  Widow Mine  
  38  3:38  SCV  
  38  3:39  SCV  
  42  3:45  Medivac  
  42  3:48  Engineering Bay  
  44  3:50  SCV  
  44  3:51  SCV  
  44  3:53  Supply Depot  
  46  3:59  Supply Depot  
  46  4:01  Marine x2  
  49  4:02  SCV  
  49  4:03  SCV  
  50  4:13  Barracks  
  50  4:15  SCV  
  50  4:16  Barracks  
  51  4:24  Marine  
  51  4:25  Marine, SCV  
  51  4:26  Starport Tech Lab, Factory Tech Lab  
  51  4:31  SCV  
  55  4:37  SCV  
  56  4:43  SCV  
  56  4:44  Barracks  
  57  4:47  Barracks  
  57  4:49  SCV  
  57  4:51  Refinery  
  58  4:53  Missile Turret  
  58  4:56  Bunker  
  58  4:57  SCV  
  59  5:02  Factory Reactor  
  59  5:04  SCV  
  60  5:10  SCV  
  59  5:16  SCV  
  59  5:21  Marauder x2, Combat Shields  
  62  5:22  Concussive Shells  
  62  5:25  SCV  
  63  5:28  SCV  
  63  5:32  Marine x2  
  63  5:35  Bunker, Barracks Tech Lab, Barracks Reactor  
  66  5:37  Medivac  
  66  5:40  Widow Mine x2  
  70  5:49  Supply Depot  
  70  5:51  Supply Depot  
  70  6:06  Supply Depot  
  70  6:10  Marine x2, Refinery  
  70  6:11  Marauder x2, SCV x2  
  78  6:12  Supply Depot, Marine x2  
  78  6:13  Marauder  
  78  6:16  Stimpack  
  82  6:20  Factory Reactor  
  82  6:28  Medivac x2  
  82  6:30  Marine x2  
  82  6:32  Marauder  
  90  6:38  Supply Depot  
  90  6:40  Supply Depot x2  
  90  6:42  SCV x2  
  90  6:44  Supply Depot  
  92  6:47  Marine x2  
  92  6:49  Marauder  
  98  6:54  Marine  
  98  6:56  Terran Infantry Weapons Level 1  
  98  6:59  Medivac  
  99  7:01  Medivac  
  101  7:10  Marauder, Marine x2  
  99  7:16  Marine x2  
  99  7:18  Marauder x2  
  105  7:36  Marauder, Marine x2  
  102  7:49  Marauder x2, Marine  
  98  7:55  Marine x2  
  98  7:57  Marauder  
  75  8:08  Marine x2  
  75  8:11  Marauder x2  
  72  8:14  Medivac  
  72  8:19  Marauder  
  73  8:30  Command Center  
  73  8:32  Marauder, SCV x2  
  77  8:37  Medivac  
  77  8:39  Widow Mine  
  81  8:41  Widow Mine  
  81  8:44  SCV x2  
  85  8:49  Marine x2  
  85  8:50  Marine x2  
  85  8:52  Marauder  
  91  8:58  Marauder x2  
  91  9:00  SCV x2  
Show
View Real Time Build Order
Export as new Build Order

lllllllll Protoss - Winner!

Build Orders: 1 Gate Expand, Double Forge, Blink Stalkers 

Get SALT Encoding   

  12  0:02  Probe (Chrono Boost)  
  13  0:13  Probe (Chrono Boost)  
  14  0:22  Pylon  
  14  0:23  Probe (Chrono Boost)  
  15  0:40  Gateway, Probe (Chrono Boost)  
  16  0:50  Assimilator  
  16  0:51  Probe (Chrono Boost)  
  17  1:01  Probe (Chrono Boost)  
  18  1:12  Probe (Chrono Boost)  
  19  1:20  Nexus  
  19  1:23  Probe (Chrono Boost)  
  20  1:31  Cybernetics Core  
  20  1:34  Probe (Chrono Boost)  
  21  1:41  Assimilator  
  21  1:46  Probe (Chrono Boost)  
  22  1:50  Pylon  
  22  1:56  Probe (Chrono Boost)  
  23  2:09  Probe (Chrono Boost)  
  24  2:17  Stalker  
  24  2:20  Mothership Core (Chrono Boost)  
  28  2:29  Warp Gate  
  28  2:33  Probe (Chrono Boost)  
  29  2:38  Probe (Chrono Boost)  
  31  2:44  Probe (Chrono Boost)  
  31  2:48  Probe (Chrono Boost)  
  31  2:49  Stalker  
  34  2:55  Probe (Chrono Boost)  
  35  2:59  Probe (Chrono Boost), Twilight Council  
  35  3:05  Probe (Chrono Boost)  
  37  3:09  Probe (Chrono Boost)  
  38  3:16  Probe (Chrono Boost)  
  38  3:19  Gateway x2  
  39  3:20  Probe (Chrono Boost)  
  39  3:26  Probe (Chrono Boost)  
  41  3:29  Blink (Chrono Boost)  
  41  3:30  Probe (Chrono Boost)  
  41  3:32  Pylon  
  42  3:35  Probe (Chrono Boost)  
  43  3:41  Probe  
  43  3:44  Robotics Facility  
  43  3:45  Probe  
  45  3:52  Pylon  
  45  3:54  Probe  
  46  3:56  Probe  
  46  4:02  Assimilator  
  47  4:04  Assimilator  
  47  4:06  Probe x2  
  49  4:15  Pylon  
  49  4:17  Probe  
  49  4:18  Probe  
  51  4:24  Pylon  
  51  4:29  Probe  
  51  4:30  Probe  
  53  4:31  Forge  
  53  4:32  Forge  
  53  4:33  Observer (Chrono Boost)  
  53  4:36  Stalker x2  
  53  4:38  Stalker  
  60  4:52  Observer (Chrono Boost)  
  61  4:53  Pylon  
  61  5:00  Stalker x2  
  61  5:01  Stalker  
  67  5:07  Protoss Ground Weapons Level 1, Protoss Ground Armor Level 1  
  67  5:28  Observer (Chrono Boost)  
  67  5:30  Stalker x2  
  67  5:32  Zealot  
  73  5:40  Gateway  
  73  5:41  Gateway  
  73  5:45  Resonating Glaives  
  73  5:47  Observer (Chrono Boost)  
  73  5:51  Nexus  
  73  5:52  Pylon  
  73  6:00  Probe x2  
  75  6:05  Warp Prism (Chrono Boost)  
  75  6:11  Sentry x3  
  79  6:13  Probe x2  
  85  6:24  Pylon  
  86  6:25  Probe x2  
  86  6:29  Pylon  
  87  6:36  Stalker x2  
  87  6:38  Probe x2  
  93  6:46  Gateway x2  
  93  6:54  Adept x3  
  97  6:56  Probe x2  
  105  7:01  Immortal (Chrono Boost)  
  105  7:08  Probe, Protoss Ground Armor Level 2, Protoss Ground Weapons Level 2  
  106  7:22  Probe  
  106  7:23  Probe x2  
  109  7:32  Adept x2  
  109  7:33  Adept x2  
  109  7:35  Immortal (Chrono Boost), Adept, Probe x2  
  123  7:54  Adept x3  
  113  8:10  Immortal (Chrono Boost)  
  113  8:15  Adept x5  
  123  8:33  Pylon  
  123  8:35  Pylon  
  123  8:37  Robotics Bay  
  123  8:41  Pylon  
  123  8:42  Sentry  
  123  8:43  Nexus  
  123  8:44  Pylon  
  123  8:45  Assimilator  
  123  8:46  Assimilator  
  125  8:50  Probe  
  125  8:51  Probe x2  
  125  8:53  Adept x2  
  132  9:00  Probe  
  132  9:02  Pylon  
  133  9:03  Probe x2  
  135  9:12  Adept x5  
  135  9:13  Adept  
  145  9:17  Adept  
Tags
 
Add a new tag
Caveats
  • Supply blocks, unpowered buildings, or Contaminate may cause inaccurate times.
  • Supply counts are checked every 10 seconds.